AoeStats
← Kanata

Arena

510428035Analyzed
1v1 RM · 12h ago on Oct 1, 2026· 36m 8s· 2 players
Game mode
Random Map
Map size
Tiny (2 player)
Population
200
Speed
Normal
Resources
Standard
Victory
Conquest
Starting age
Dark Age
Ending age
Imperial Age
RankedLock teamsTeams togetherTeam positionsShared explorationLock speedFull tech treeHidden civsTurbo modeCheats
Victory
Defeat
🇨🇳 Bohemians · China
445
+18
🇧🇷 Koreans · Brazil
481
-18
Kanata
3:17 Loom
11:30 Feudal Age
16:18 Castle Age
15:22 Man-at-Arms
16:53 Scale Mail Armor
16:47 Double-Bit Axe
17:17 Horse Collar
18:49 Wheelbarrow
23:38 Bow Saw
23:32 Heavy Plow
24:02 Long Swordsman
26:02 Hand Cart
26:19 Forging
29:03 Fletching
31:22 Chemistry
30:43 Ballistics
34:13 Imperial Age
31:44 Bodkin Arrow
31:51 Town Watch
34:23 Houfnice
35:20 Siege Engineers
francisletsfly
11:20 Feudal Age
11:57 Horse Collar
12:04 Double-Bit Axe
12:57 Gold Mining
15:17 Stone Mining
19:01 Loom
19:08 Town Watch
21:36 Castle Age
21:14 Fletching
21:35 Forging
21:26 Scale Mail Armor
23:25 Wheelbarrow
22:52 Town Patrol
23:16 Bow Saw
23:08 Heavy Plow
26:12 Hand Cart
29:05 Fortified Wall
28:53 Murder Holes
33:37 Imperial Age
31:42 Pikeman
32:24 Squires
34:03 Gold Shaft Mining
Connection lost

Rejoining the realm…

Still unreachable

The connection could not be restored.

Session expired

The server has moved on; the page needs a fresh start.